 Dungeon Sprint DCSS version 0.20-b1 (webtiles) character file.

275648 Snowbourne the Ninja (level 12, 51/51 HPs)
             Began as a Spriggan Enchanter on May 18, 2017.
             Was the Champion of Dithmenos.
             Escaped with the Orb!
             The game lasted 00:17:55 (2619 turns).

Snowbourne the Ninja (Spriggan Enchanter)           Turns: 2619, Time: 00:17:56

Health: 51/51      AC:  5    Str:  9    XL:     12   Next: 56%
Magic:  25/25      EV: 34    Int: 21    God:    Dithmenos [******]
Gold:   113        SH:  0    Dex: 19    Spells: 7/16 levels left

rFire    . . .     SeeInvis +   n - +6 falchion of Yzicla Otapn {slice, +Fly rN+ Int+4 Stlth-}
rCold    . . .     Gourm    .   (shield restricted)
rNeg     + . .     Faith    .   b - +0 robe
rPois    .         Spirit   .   (helmet restricted)
rElec    .         Reflect  .   r - +2 cloak {+Inv}
rCorr    .         Harm     .   (gloves unavailable)
MR       ++...     NoTele   +   (boots unavailable)
Stlth    +++++++...             (no amulet)
Regen    0.2/turn               t - ring "Zasi" {Str+5 Dex-2 Stlth+}
MPRegen  0.2/turn               (no ring)

@: slightly contaminated, wreathed by umbra, very quick
A: unfitting armour, see invisible, herbivore 3, speed 3, slow metabolism 2
0: Orb of Zot
a: Shadow Step, Shadow Form, Renounce Religion, Evoke Invisibility, Evoke Flight


You escaped.
You worshipped Dithmenos.
Dithmenos was exalted by your worship.
You were not hungry.

You visited 1 branch You collected 1612 gold pieces.
You spent 1481 gold pieces at shops.
You donated 18 gold pieces to Zin.

Inventory:

Hand Weapons
 a - a +1 dagger
 n - the +6 falchion of Yzicla Otapn (weapon) {slice, +Fly rN+ Int+4 Stlth-}
   (You bought it in a shop in the Dungeon)

   It inflicts extra damage upon your enemies.
   It affects your intelligence (+4).
   It protects you from negative energy.
   It lets you fly.
   It makes you less stealthy.
 s - a +4 vampiric dagger
Armour
 b - a +0 robe (worn)
 r - a +2 cloak of invisibility (worn)
Jewellery
 t - the ring "Zasi" (left hand) {Str+5 Dex-2 Stlth+}
   (You bought it in a shop in the Dungeon)

   [ring of stealth]

   It affects your strength (+5).
   It affects your dexterity (-2).
   It makes you more stealthy.
Wands
 m - a wand of digging (3/24)
Scrolls
 j - 2 scrolls of blinking
 k - 2 scrolls of remove curse {unknown}
 l - 2 scrolls of amnesia {unknown}
 o - a scroll of magic mapping {unknown}
 p - 2 scrolls of identify {unknown}
 q - 2 scrolls of recharging {unknown}
Potions
 e - 2 potions of curing
 f - 2 potions of heal wounds
 g - 2 potions of haste
 h - 2 potions of magic
Books
 c - a book of Maledictions

   Spells                             Type                      Level
   a - Corona                         Hexes                        1
   b - Ensorcelled Hibernation        Hexes/Ice                    2
   c - Confuse                        Hexes                        3
   d - Tukima's Dance                 Hexes                        3
   e - Dazzling Spray                 Conjuration/Hexes            3
Comestibles
 d - a bread ration
 i - a fruit


   Skills:
 - Level 10.0 Short Blades
 + Level 16.9 Dodging
 O Level 27 Stealth
 - Level 2.6 Spellcasting
 + Level 19.2 Hexes
 * Level 16.3 Evocations


You had 7 spell levels left.
You knew the following spells:

 Your Spells              Type           Power        Failure   Level  Hunger
a - Corona                Hex            ######.      0%          1    None
b - Ensorcelled Hibernat  Hex/Ice        #####.       1%          2    ##.....
c - Confuse               Hex            ######..     0%          3    ###....
d - Dazzling Spray        Conj/Hex       #####.       1%          3    ###....


Dungeon Overview and Level Annotations

Branches:
Dungeon (1/1)

Altars:
Cheibriados
Dithmenos
Elyvilon
Fedhas
Gozag
Hepliaklqana
Kikubaaqudgha
Makhleb
Nemelex Xobeh
Okawaru
Qazlal
Ru
Sif Muna
Trog
Uskayaw
Vehumet
Xom
Yredelemnul
Zin
The Shining One
Jiyva
Lugonu

Shops:
D [(:!*}%([[[[*=(}*?[[*

Annotations:
D Tiamat


Innate Abilities, Weirdness & Mutations

You are very small and have problems with some larger weapons.
You are too small for most types of armour.
You have supernaturally acute eyesight. (SInv)
You are a herbivore.
You cover ground extremely quickly.
You need consume almost no food.


Message History

a hog skeleton x3
There is an open door here.
You flicker for a moment.
Things that are here:
a dagger of protection; a robe
There is an open door here.
You float gracefully downwards.
There is an open door here.
There is a viscous altar of Jiyva here.
There is an open door here.
You see here a demonic crawler corpse.
You flicker back into view.
There is an open door here.
There is an open door here.
You see here a giant club.
There is an open door here.
There is an open door here.
There is a staircase leading out of the dungeon here.
You can't go down here!
You have escaped!

##################
#@.#.['..#.)'..#__
#..'..#.)'..#..†^.
#..#####'#####'#__
#..####..#...#.###
#..#__####..##(#§≈
#..#_____##'#..'§≈
#⌠⌠#_.∩...'..._#≈§
####_..__##_.#'##§
#_____###'#.#.§


There were no monsters in sight!

Vanquished Creatures
  4 fire giants (D)
  A hydra (D)
  2 centaur warriors (D)
  Sonja (D)
  7 unseen horrors (D)
  A deep troll (D)
  A lindwurm (D)
  An oklob plant (D)
  8 shining eyes (D)
  2 kobold demonologists (D)
  4 demonic crawlers (D)
  A hornet (D)
  A slime creature (D)
  2 redbacks (D)
  Sigmund (D)
  A yak (D)
  13 hogs (D)
  7 floating eyes (D)
  7 necrophages (D)
  An ogre (D)
  8 jellies (D)
  Ijyb (D)
  2 ballistomycetes (D)
  A ballistomycete spore (D)
78 creatures vanquished.

Vanquished Creatures (others)
  A gargoyle (D)
  A ballistomycete spore (D)
2 creatures vanquished.

Grand Total: 80 creatures vanquished

Notes
Turn   | Place    | Note
-------+----------+-------------------------------------------
     0 | D        | Snowbourne the Spriggan Enchanter began the quest for the Orb.
     0 | D        | Reached XP level 1. HP: 9/9 MP: 5/5
     2 | D        | Noticed Ijyb
    14 | D        | Killed Ijyb
    14 | D        | Reached skill level 8 in Stealth
    14 | D        | Reached skill level 5 in Hexes
    14 | D        | Reached XP level 2. HP: 13/13 MP: 6/6
    59 | D        | Learned a level 2 spell: Ensorcelled Hibernation
    84 | D        | Killed a gargoyle
    88 | D        | Noticed an ogre
    90 | D        | Killed an ogre
    90 | D        | Reached skill level 12 in Stealth
    90 | D        | Reached XP level 3. HP: 16/16 MP: 8/8
    90 | D        | Reached XP level 4. HP: 21/21 MP: 9/9
   102 | D        | Noticed Sigmund
   104 | D        | Killed Sigmund
   104 | D        | Reached skill level 15 in Stealth
   104 | D        | Reached XP level 5. HP: 24/24 MP: 10/10
   109 | D        | Learned a level 3 spell: Confuse
   113 | D        | Learned a level 3 spell: Dazzling Spray
   125 | D        | Found a deep blue altar of Sif Muna.
   127 | D        | Found a radiant altar of Vehumet.
   132 | D        | Reached XP level 6. HP: 28/28 MP: 6/11
   140 | D        | Found Syuph's Distillery.
   140 | D        | Found an ancient bone altar of Kikubaaqudgha.
   140 | D        | Found a hazy altar of Hepliaklqana.
   140 | D        | Found a stormy altar of Qazlal.
   140 | D        | Found a hide-covered altar of Uskayaw.
   140 | D        | Found a blossoming altar of Fedhas.
   140 | D        | Found a bloodstained altar of Trog.
   140 | D        | Found an iron altar of Okawaru.
   140 | D        | Found a basalt altar of Yredelemnul.
   140 | D        | Found a glowing golden altar of the Shining One.
   140 | D        | Found a snail-covered altar of Cheibriados.
   140 | D        | Found a sacrificial altar of Ru.
   140 | D        | Found a glowing silver altar of Zin.
   140 | D        | Found a shadowy altar of Dithmenos.
   140 | D        | Found a white marble altar of Elyvilon.
   140 | D        | Noticed a yak
   141 | D        | Found an opulent altar of Gozag.
   142 | D        | Killed a yak
   142 | D        | Reached skill level 17 in Stealth
   142 | D        | Reached skill level 10 in Hexes
   143 | D        | Found a sparkling altar of Nemelex Xobeh.
   149 | D        | Became a worshipper of Zin the Law-Giver
   149 | D        | Reached * piety under Zin
   149 | D        | Reached ** piety under Zin
   149 | D        | Reached *** piety under Zin
   149 | D        | Reached **** piety under Zin
   149 | D        | Reached ***** piety under Zin
   149 | D        | Reached ****** piety under Zin
   157 | D        | Noticed Sonja
   161 | D        | Killed Sonja
   161 | D        | Reached skill level 20 in Stealth
   161 | D        | Reached XP level 7. HP: 32/32 MP: 8/12
   176 | D        | Found Suwnegot's Antique Armour Boutique.
   187 | D        | Noticed a shining eye
   187 | D        | Noticed a shining eye
   187 | D        | Noticed a shining eye
   187 | D        | Noticed a shining eye
   187 | D        | Noticed a shining eye
   187 | D        | Noticed a shining eye
   189 | D        | Reached XP level 8. HP: 36/36 MP: 11/13
   190 | D        | Noticed a shining eye
   190 | D        | Noticed a shining eye
   192 | D        | Killed a shining eye
   192 | D        | Reached skill level 21 in Stealth
   195 | D        | Paralysed by a floating eye for 3 turns
   200 | D        | Paralysed by a floating eye for 4 turns
   208 | D        | Reached skill level 22 in Stealth
   209 | D        | Paralysed by a floating eye for 4 turns
   236 | D        | Killed a shining eye
   236 | D        | Reached skill level 23 in Stealth
   236 | D        | Reached XP level 9. HP: 39/39 MP: 1/14
   305 | D        | Killed a shining eye
   325 | D        | Killed a shining eye
   325 | D        | Reached skill level 5 in Dodging
   363 | D        | Killed a shining eye
   363 | D        | Reached skill level 24 in Stealth
   371 | D        | Killed a shining eye
   371 | D        | Reached skill level 5 in Short Blades
   371 | D        | Reached skill level 15 in Hexes
   444 | D        | Killed a shining eye
   444 | D        | Reached XP level 10. HP: 44/44 MP: 7/15
   518 | D        | Killed a shining eye
   527 | D        | Found Xamar's Weapon Shoppe.
   527 | D        | Found Qyboim's Assorted Antiques.
   527 | D        | Found Ranos's Book Emporium.
   527 | D        | Found Sun Avesh's Gadget Boutique.
   569 | D        | Fell from the grace of Zin
   569 | D        | Became a worshipper of Dithmenos the Shadowed
   606 | D        | Noticed a deep troll
   610 | D        | Killed a deep troll
   610 | D        | Reached skill level 25 in Stealth
   620 | D        | Found Fopoe's Armour Emporium.
   866 | D        | Noticed a centaur warrior
   867 | D        | Noticed a centaur warrior
   870 | D        | Killed a centaur warrior
   871 | D        | Killed a centaur warrior
   871 | D        | Reached * piety under Dithmenos
   871 | D        | Reached skill level 10 in Dodging
   896 | D        | Noticed an oklob plant
   898 | D        | Killed an oklob plant
   898 | D        | Reached skill level 26 in Stealth
   905 | D        | Reached ** piety under Dithmenos
   937 | D        | Noticed an unseen horror
   937 | D        | Noticed an unseen horror
   943 | D        | Killed an unseen horror
   945 | D        | Killed an unseen horror
   945 | D        | Reached *** piety under Dithmenos
   945 | D        | Reached XP level 11. HP: 47/47 MP: 16/16
   986 | D        | Reached **** piety under Dithmenos
  1072 | D        | Found Gaixef's Weapon Shoppe.
  1169 | D        | Found Daipa's Magic Scroll Boutique.
  1174 | D        | Reached ***** piety under Dithmenos
  1190 | D        | Found Xorphusug's Food Shop.
  1190 | D        | Found Cuaj's Antique Armour Boutique.
  1192 | D        | Found Gujaik's Armour Emporium.
  1192 | D        | Found Qiwn's Antique Armour Shop.
  1192 | D        | Found Neaxett's Armour Shoppe.
  1192 | D        | Found Caokhle's Assorted Antiques.
  1192 | D        | Found Vaokics's Jewellery Emporium.
  1192 | D        | Found Ebeaxe's Weapon Shop.
  1192 | D        | Found Plog's Gadget Shoppe.
  1195 | D        | Found Kisto's Assorted Antiques.
  1196 | D        | Bought a +2 cloak of invisibility for 279 gold pieces
  1201 | D        | Found Iziuwum's Armour Emporium.
  1202 | D        | Found Sicolegih's Assorted Antiques.
  1214 | D        | Bought a scroll of blinking for 142 gold pieces
  1218 | D        | Bought a +4 vampiric dagger for 392 gold pieces
  1273 | D        | Bought a scorched amber ring for 120 gold pieces
  1273 | D        | Identified the ring "Zasi" {Str+5 Dex-2 Stlth+} (You bought it in a shop in the Dungeon)
  1299 | D        | Found a burning altar of Makhleb.
  1299 | D        | Found a viscous altar of Jiyva.
  1299 | D        | Found a shimmering altar of Xom.
  1299 | D        | Found a corrupted altar of Lugonu.
  1302 | D        | Reached skill level 1 in Evocations
  1324 | D        | Reached skill level 27 in Stealth
  1713 | D        | Reached skill level 5 in Evocations
  1737 | D        | Reached skill level 10 in Short Blades
  1851 | D        | Noticed a lindwurm
  1854 | D        | Killed a lindwurm
  1890 | D        | Reached ****** piety under Dithmenos
  2239 | D        | Noticed a 12-headed hydra
  2241 | D        | Killed a 12-headed hydra
  2241 | D        | Reached skill level 10 in Evocations
  2258 | D        | Noticed a daeva
  2261 | D        | Noticed an unseen horror
  2261 | D        | Noticed an unseen horror
  2261 | D        | Noticed an unseen horror
  2262 | D        | Noticed an unseen horror
  2264 | D        | Killed an unseen horror
  2266 | D        | Killed an unseen horror
  2268 | D        | Killed an unseen horror
  2269 | D        | Noticed an unseen horror
  2270 | D        | Killed an unseen horror
  2270 | D        | Reached skill level 15 in Dodging
  2270 | D        | Reached XP level 12. HP: 51/51 MP: 18/22
  2276 | D        | Noticed a fire giant
  2277 | D        | Noticed a fire giant
  2277 | D        | Noticed a fire giant
  2277 | D        | Noticed a fire giant
  2278 | D        | Killed a fire giant
  2280 | D        | Killed a fire giant
  2281 | D        | Killed a fire giant
  2281 | D        | Reached skill level 15 in Evocations
  2283 | D        | Killed a fire giant
  2405 | D        | Bought the +6 falchion of Yzicla Otapn {slice, +Fly rN+ Int+4 Stlth-} for 548 gold pieces
  2549 | D        | Noticed Tiamat
  2553 | D        | Got the Orb of Zot
  2619 | D        | Escaped with the Orb!

Skill      XL: |  1  2  3  4  5  6  7  8  9 10 11 12 |
---------------+-------------------------------------+-----
Stealth        | 8 12 15 20 23 24 26 27 | 27.0
Hexes          | 5 7 9 12 14 15 16 18 19 | 19.2
Short Blades   | 5 9 10 | 10.0
Dodging        | 8 11 15 16 | 16.9
Evocations     | 12 16 | 16.3
Spellcasting   | |  2.6

Action                   |  1- 3 |  4- 6 |  7- 9 | 10-12 || total
-------------------------+-------+-------+-------+-------++-------
Melee: Dagger            |    11 |     4 |   215 |   213 ||   443
 Cast: Ensorcelled Hiber |       |     2 |     6 |    25 ||    33
       Dazzling Spray    |       |       |     6 |    13 ||    19
       Confuse           |       |       |     1 |     6 ||     7
Invok: Shadow Step       |       |       |       |     6 ||     6
 Abil: Evoke Invisibilit |       |       |       |     1 ||     1
       Evoke Flight      |       |       |       |     1 ||     1
Evoke: Wand              |       |       |       |     1 ||     1
  Use: Potion            |     1 |       |       |     4 ||     5
 Stab: Sleeping          |     1 |     4 |     5 |    50 ||    60
       Invisible         |       |       |     5 |     5 ||    10
       Confused          |       |       |       |     2 ||     2
  Eat: Bread ration      |       |       |       |     2 ||     2
       Royal jelly       |       |       |       |     1 ||     1
Armor: Robe              |     1 |       |       |     3 ||     4
Dodge: Dodged            |     5 |       |       |   216 ||   221
